 Dungeon Crawl Stone Soup version 0.26.1-11-gd32895ea62 (webtiles) character file.

Game seed: 12454727343806681877

1813 Zeld the Cutter (level 8, 0/96 HPs)
             Began as a Demonspawn Chaos Knight on Aug 6, 2021.
             Was a Plaything of Xom.
             Succumbed to a killer bee's poison
             ... on level 8 of the Dungeon.
             The game lasted 00:08:24 (8960 turns).

Zeld the Cutter (Demonspawn Chaos Knight)           Turns: 8960, Time: 00:08:25

Health: 0/96       AC: 24    Str: 15    XL:     8   Next: 84%
Magic:  3/8        EV:  2    Int: 13    God:    Xom [*.....]
Gold:   562        SH:  0    Dex: 13    Spells: 7/7 levels left

rFire    . . .     SeeInvis .   a - +0 short sword (chaos)
rCold    . . .     Faith    .   (no shield)
rNeg     + + +     Spirit   +   (armour currently unavailable)
rPois    +         Reflect  .   (helmet currently unavailable)
rElec    .         Harm     .   (cloak currently unavailable)
rCorr    .         Rampage  .   (gloves currently unavailable)
Will     .....     NoTele   +   (boots currently unavailable)
Stlth    +.........             (no amulet)
HPRegen  0.26/turn              (no ring)
MPRegen  0.11/turn              (no ring)

@: lethally poisoned (0 -> -10), tree-form, hasted, very quick
A: blurry vision 1, deterioration 1, screaming 1, magic shield
a: Renounce Religion


You were on level 8 of the Dungeon.
You worshipped Xom.
You were a special plaything of Xom.
You were a tree.
You visited 2 branches of the dungeon, and saw 9 of its levels.

You collected 562 gold pieces.

Inventory:

Hand Weapons
 a - a +0 short sword of chaos (weapon)
Armour
 g - a +0 plate armour (melded)
 q - a +0 pair of gloves (melded)
Jewellery
 c - a cursed amulet of inaccuracy {unknown}
 e - a cursed ring of attention {unknown}
 o - an uncursed amulet of guardian spirit {unknown}
 v - an uncursed amulet of faith {unknown}
 y - an uncursed ring of magical power {unknown}
 C - an uncursed amulet of guardian spirit {unknown}
Wands
 E - a wand of acid (12)
Scrolls
 b - a scroll of enchant weapon {unknown}
 d - 7 scrolls of remove curse {unknown}
 f - 4 scrolls of teleportation {unknown}
 h - a scroll of amnesia {unknown}
 i - a scroll of magic mapping {unknown}
 k - 3 scrolls of identify {unknown}
 l - 2 scrolls of noise {unknown}
 t - a scroll of fog {unknown}
 u - a scroll of blinking {unknown}
 B - a scroll of fear {unknown}
 F - a scroll of silence {unknown}
Potions
 j - a potion of flight {unknown}
 m - a potion of heal wounds {unknown}
 n - 2 potions of lignification
 p - a potion of might {unknown}
 r - a potion of mutation {unknown}
 s - a potion of haste
 w - a potion of curing {unknown}
 z - a potion of degeneration {unknown}
 D - a potion of attraction {unknown}
Miscellaneous
 A - a lightning rod (3/4)


   Skills:
 + Level 5.9 Fighting
 * Level 7.2 Short Blades
 + Level 5.0 Armour
 + Level 4.6 Dodging


You had 7 spell levels left.
You didn't know any spells.
Your spell library was empty.

Dungeon Overview and Level Annotations

Branches:
Dungeon (8/15)             Temple (1/1) D:4
   Lair: D:8-11

Altars:
Ashenzari
Cheibriados
Dithmenos
Elyvilon
Fedhas
Gozag
Hepliaklqana
Kikubaaqudgha
Makhleb
Nemelex Xobeh
Okawaru
Qazlal
Ru
Sif Muna
Trog
Uskayaw
Vehumet
Wu Jian
Xom
Yredelemnul
Zin
The Shining One

Annotations:
D:5 2 runed translucent doors, Hypnoxylon's ghost, amateur TrMo
D:8 Maurice


Innate Abilities, Weirdness & Mutations

((You are mostly covered in molten scales. (AC +3)))
When hurt, damage is shared between your health and your magic reserves.
((You have a pair of small horns on your head.))
Scrolls take you a little longer to read.
Your body sometimes deteriorates upon taking damage.
You occasionally shout uncontrollably at your foes.


Message History

* * * LOW HITPOINT WARNING * * *
You feel sick.
The killer bee stings you but does no damage.
The orange demon stings you but does no damage.
The ufetubus barely misses your ufetubus.
The ufetubus misses your ufetubus.
The killer bee stings you but does no damage.
You miss the killer bee.
The killer bee is lightly wounded.
* * * LOW HITPOINT WARNING * * *
You feel sick. "Fight to survive, mortal."
You are now a special plaything of Xom.
A bullfrog comes into view.
The killer bee stings you but does no damage.
The orange demon stings you but does no damage.
You hit the killer bee.
The killer bee appears confused.
The killer bee is moderately wounded.
You die...
Xom chuckles heartily!

P<....##..#......
Y !.........# ##.
P.........##....
....###.z<_.....
.... ##zz######
P.( ####y{# $.
#.5yyh# #.##y## #
#♣# #...4o55Y.?#
F...oo5Yo#....#
....5..._# ...#
.........# ..#
...o...... .#
.........# #
.......###


You could see an orange demon (summoned), 2 ice beasts, a bullfrog, a hound, 4
killer bees, 3 wights, 2 orc priests, a white imp, 3 orcs, an ufetubus
(summoned) and 2 friendly ufetubi.

Vanquished Creatures
  A steam dragon (D:7)
  Edmund (D:4)
  A phantom (D:7)
  A sky beast (D:7)
  An ogre (D:4)
  2 bullfrogs
  2 scorpions
  A howler monkey (D:6)
  A bullfrog zombie (D:5)
  2 hounds
  2 jellies
  Jessica (D:2)
  A centaur skeleton (D:7)
  2 iguanas
  An orc wizard (D:2)
  7 worker ants
  A hound zombie (D:6)
  A hound skeleton (D:7)
  8 gnolls
  2 worker ant zombies (D:5)
  7 adders
  A howler monkey skeleton (D:6)
  A shadow imp (D:5)
  2 ufetubi
  2 adder skeletons
  4 worms
  2 dart slugs
  7 leopard geckos
  An orc (D:7)
  5 giant cockroaches
  8 goblins
  4 hobgoblins
  10 jackals
  16 kobolds
  2 quokkas (D:5)
  A ball python (D:3)
  11 bats
  9 frilled lizards
  A jackal skeleton (D:5)
  2 leopard gecko skeletons
  A quokka skeleton (D:5)
  5 rats
141 creatures vanquished.

Vanquished Creatures (collateral kills)
  Maggie (D:7)
  A bullfrog (D:8)
  An adder skeleton (D:8)
3 creatures vanquished.

Vanquished Creatures (others)
  6 fungi (D:8)
  4 plants (D:8)
10 creatures vanquished.

Grand Total: 154 creatures vanquished

Notes
Turn   | Place    | Note
-------+----------+-------------------------------------------
     0 | D:1      | Zeld the Demonspawn Chaos Knight began the quest for the
                  | Orb.
     0 | D:1      | Reached XP level 1. HP: 18/18 MP: 1/1
    87 | D:1      | Reached skill level 1 in Dodging
   132 | D:1      | Gained mutation: You are partially covered in molten
                  | scales. (AC +2) [demonic ancestry]
   132 | D:1      | Reached XP level 2. HP: 13/24 MP: 2/2
   137 | D:1      | Reached skill level 3 in Short Blades
   287 | D:1      | XOM: enchant monster (bad)
   372 | D:1      | XOM: 3-stop teleportation journey
   414 | D:1      | XOM: cloud trail
   431 | D:1      | XOM: 1-stop teleportation journey
   587 | D:1      | XOM: divination: magic mapping
   629 | D:1      | XOM: divination: detect creatures
  1093 | D:1      | Gained mutation: When hurt, damage is shared between your
                  | health and your magic reserves. [demonic ancestry]
  1093 | D:1      | Reached XP level 3. HP: 25/29 MP: 3/3
  1193 | D:1      | XOM: noise
  1418 | D:1      | Gained mutation: You are mostly covered in molten scales.
                  | (AC +3) [demonic ancestry]
  1418 | D:1      | Reached XP level 4. HP: 18/35 MP: 2/4
  1746 | D:2      | Found a sacrificial altar of Ru.
  1943 | D:2      | Reached skill level 4 in Short Blades
  1943 | D:2      | Reached XP level 5. HP: 33/42 MP: 3/5
  2402 | D:2      | Noticed Jessica
  2406 | D:2      | Killed Jessica
  2459 | D:3      | XOM: divination: detect items
  3363 | D:4      | XOM: 5-stop teleportation journey
  3384 | D:4      | Reached XP level 6. HP: 45/48 MP: 4/6
  3443 | D:4      | Found a staircase to the Ecumenical Temple.
  3523 | D:4      | XOM: silly message
  3544 | Temple   | Entered the Ecumenical Temple
  4031 | D:4      | XOM: cast spell 'Summon Small Mammal'
  4154 | D:4      | XOM: silly message
  4408 | D:4      | XOM: polymorph orc -> leopard gecko
  4462 | D:4      | XOM: noise
  4493 | D:4      | XOM: cloud trail
  4563 | D:4      | Noticed Edmund
  4567 | D:4      | XOM: stat loss: -1 Dex (11/12)
  4634 | D:4      | Killed Edmund
  4635 | D:4      | Reached skill level 5 in Short Blades
  4635 | D:4      | Reached XP level 7. HP: 55/55 MP: 7/7
  4707 | D:5      | Entered Level 5 of the Dungeon
  4785 | D:5      | XOM: 2-stop teleportation journey
  4812 | D:4      | XOM: confusion
  4814 | D:4      | XOM: silly message
  4819 | D:4      | XOM: smoke on damage
  5042 | D:4      | XOM: torment (24/55 hp)
  5216 | D:5      | XOM: blink monster(s)
  5359 | D:4      | XOM: give mutations
  5359 | D:4      | Gained mutation: You have a pair of small horns on your
                  | head. [Xom's mischief]
  5359 | D:4      | Gained mutation: You are frail. (-10% HP) [Xom's mischief]
  5359 | D:4      | Gained mutation: You occasionally shout uncontrollably at
                  | your foes. [Xom's mischief]
  5640 | D:5      | XOM: silly message
  5863 | D:5      | Found a sparkling altar of Nemelex Xobeh.
  6025 | D:5      | Found a runed translucent door.
  6028 | D:5      | Noticed Hypnoxylon's ghost (amateur TrMo)
  6055 | D:5      | Found a runed translucent door.
  6626 | D:6      | Reached skill level 5 in Fighting
  6839 | D:6      | Reached skill level 6 in Short Blades
  6839 | D:6      | Reached XP level 8. HP: 46/55 MP: 6/8
  6941 | D:6      | XOM: give mutations
  6941 | D:6      | Gained mutation: Scrolls take you a little longer to read.
                  | [Xom's mischief]
  6941 | D:6      | Gained mutation: Your body sometimes deteriorates upon
                  | taking damage. [Xom's mischief]
  6941 | D:6      | Lost mutation: You are frail. (-10% HP) [Xom's mischief]
  7041 | D:6      | XOM: stat loss: -1 Int (12/13)
  7130 | D:7      | Noticed Maggie
  7148 | D:7      | XOM: summons 3 friendly demons
  7151 | D:7      | XOM: butterfly on damage
  7160 | D:6      | XOM: snakes to sticks
  7465 | D:6      | XOM: draining
  7549 | D:6      | XOM: god gift: lightning rod (4/4)
  7567 | D:7      | XOM: cast spell 'Summon Horrible Things'
  7569 | D:7      | Killed Maggie
  7898 | D:7      | XOM: torment (30/63 hp)
  7980 | D:7      | XOM: 1-stop teleportation journey
  8051 | D:7      | XOM: 2-stop teleportation journey
  8221 | D:7      | XOM: polymorph scorpion -> steam dragon
  8242 | D:7      | Reached skill level 7 in Short Blades
  8930 | D:8      | XOM: repel stairs
  8935 | D:8      | Noticed Maurice
  8948 | D:8      | XOM: scenery: create altars
  8950 | D:8      | XOM: summons 3 friendly demons
  8952 | D:8      | Reached skill level 5 in Armour
  8952 | D:8      | XOM: noise
  8954 | D:8      | HP: 4/96 [killer bee (4)]
  8955 | D:8      | XOM: summons 2 hostile demons
  8956 | D:8      | Noticed an orange demon
  8959 | D:8      | HP: 1/96 [poisoned by a killer bee]
  8959 | D:8      | XOM: summons 3 hostile shadow creatures
  8960 | D:8      | Succumbed to a killer bee's poison

Illustrated notes

Levels and vault maps discovered:
D:1:      minmay_arrival_solitary_statue, layout_loops_corners
D:2:      layout_basic, nicolae_ru_great_annihilating_truth, uniq_jessica
D:3:      layout_basic, kennysheep_path_1, minmay_fractal_squares_5
D:4:      wad_river_or_something, layout_basic, minmay_temple_entry_mist,
          uniq_edmund
D:5:      layout_cave_pools, serial_column_ruins, column_ruins_columns_straight,
          column_ruins_open_small_water, column_ruins_corridor_straight,
          ebering_ghost_sewer_f, nemelex_spade_bored_becter
D:6:      layout_loops_ring, chequers_serial_rivers_room_b
D:7:      layout_rooms, uniq_maggie
D:8:      layout_rooms, grunt_lair_entry_orc_guard_hut, serial_bayou,
          serial_bayou_pond_d, serial_bayou_pond_e, serial_bayou_shore_a,
          serial_bayou_pond_d, uniq_maurice
Temple:   nicolae_temple_the_god_donut

Skill      XL: |  1  2  3  4  5  6  7  8 |
---------------+-------------------------+-----
Dodging        | 1 2 3 4 |  4.6
Short Blades   | 3 4 5 6 7 |  7.2
Armour         | 2 3 4 5 |  5.0
Fighting       | 4 5 |  5.9

Action                   |  1- 3 |  4- 6 |  7- 9 || total
-------------------------+-------+-------+-------++-------
Melee: Short sword       |   135 |   256 |   365 ||   756
       Headbutt          |       |       |    57 ||    57
Evoke: Lightning rod     |       |       |     2 ||     2
  Use: Potion            |       |       |     2 ||     2
 Stab: Paralysed         |     1 |     5 |     3 ||     9
       Sleeping          |     1 |       |       ||     1
       Petrifying        |       |     1 |       ||     1
       Petrified         |       |     1 |     8 ||     9
       Confused          |       |       |     1 ||     1
Armor: Leather armour    |    81 |    15 |       ||    96
       Plate armour      |       |   186 |   313 ||   499
       Skin              |       |       |    12 ||    12
Dodge: Dodged            |    92 |    73 |   111 ||   276
